 Dungeon Crawl Stone Soup version 0.28-a0-751-gef3a642a4e (webtiles) character file.

Game seed: 11617469631123275462

1225 KoroneIsBestGirl the Fighter (level 8, 0/88 HPs)
             Began as an Ogre Berserker on Oct 31, 2021.
             Was an Elder of Trog.
             Slain by a killer bee (6 damage)
             ... on level 6 of the Dungeon.
             The game lasted 00:05:50 (6220 turns).

KoroneIsBestGirl the Fighter (Ogre Berserker)       Turns: 6220, Time: 00:05:50

Health: 0/88       AC:  6    Str: 24    XL:     8   Next: 47%
Magic:  8/8        EV: 11    Int:  8    God:    Trog [****..]
Gold:   323        SH:  5    Dex:  8    Spells: 7/7 levels left

rFire   + + .      SeeInvis .   z - +2 flail (drain)
rCold   + + .      Faith    .   (no shield)
rNeg    + . .      Spirit   .   f - +0 robe {rC+ rF+}
rPois   +          Reflect  +   (helmet restricted)
rElec   +          Harm     .   n - +2 cloak {rPois}
rCorr   +          Rampage  .   (gloves unavailable)
Will    .....                   (boots unavailable)
Stlth   +.........              w - amulet of reflection
HPRegen 0.24/turn               c - ring of positive energy
MPRegen 0.11/turn               j - ring of poison resistance

@: lethally poisoned (0 -> -3), resistant, on berserk cooldown, slowed, very
slow
A: large, unfitting armour, tough skin 1
a: Renounce Religion, Berserk, Trog's Hand, Brothers in Arms


You were on level 6 of the Dungeon.
You worshipped Trog.
Trog was greatly pleased with you.
You visited 1 branch of the dungeon, and saw 6 of its levels.

You collected 323 gold pieces.

Inventory:

Hand Weapons
 x - a +0 giant spiked club
 z - a +2 flail of draining (weapon)
Missiles
 o - 52 stones (quivered)
 y - 2 throwing nets
Armour
 f - a +0 robe of resistance (worn)
 n - a +2 cloak of poison resistance (worn)
Jewellery
 c - a ring of positive energy (left hand)
 g - an amulet of magic regeneration
 j - a ring of poison resistance (right hand)
 r - a ring of ice
 w - an amulet of reflection (around neck)
Wands
 m - a wand of flame (12)
 u - a wand of polymorph (8)
Scrolls
 h - a scroll of vulnerability
 i - 2 scrolls of noise
 k - a scroll of amnesia
 p - 2 scrolls of teleportation
 q - a scroll of fog {unknown}
 t - a scroll of holy word {unknown}
 v - a scroll of brand weapon {unknown}
Potions
 a - a potion of heal wounds {unknown}
 d - a potion of resistance
 l - a potion of curing {unknown}


   Skills:
 + Level 8.3 Fighting
 * Level 6.2 Maces & Flails
 + Level 5.7 Dodging


You had 7 spell levels left.
You didn't know any spells.
Your spell library contained the following spells:

 Spells                   Type           Power      Damage    Failure   Level
 Animate Skeleton         Necr           0%         N/A       41%         1
 Pain                     Necr           0%         1d4       41%         1
 Vampiric Draining        Necr           0%         2d6       78%         3


Dungeon Overview and Level Annotations

Branches:
Dungeon (6/15)             Temple (0/1) D:4

Altars:


Innate Abilities, Weirdness & Mutations

You are too large for most types of armour.
You have tough skin. (AC +1)


Message History

You feel yourself slow down.
The killer bee stings you but does no damage.
The killer bee stings you.
You miss the killer bee.
The killer bee is severely wounded.
You block the killer bee's attack. The killer bee stings you. x2
You are poisoned.
The killer bee poisons you! The killer bee barely misses you.
The killer bee stings you but does no damage.
The killer bee barely misses you.
You miss the killer bee.
The killer bee is severely wounded.
You feel sick. The killer bee barely misses you. The killer bee stings you.
You are more poisoned.
The killer bee poisons you! The killer bee closely misses you.
The killer bee barely misses you. The killer bee stings you.
The killer bee closely misses you. The killer bee stings you.
The killer bee barely misses you.
You miss the killer bee.
The killer bee is severely wounded.
You feel very sick. You block the killer bee's attack.
The killer bee misses you. The killer bee stings you.
* * * LOW HITPOINT WARNING * * *
The killer bee stings you but does no damage.
You block the killer bee's attack. The killer bee barely misses you.
It was a potion of magic.
Magic courses through your body.
You feel sick. The killer bee stings you.
* * * LOW HITPOINT WARNING * * *
The killer bee stings you.
* * * LOW HITPOINT WARNING * * *
The killer bee closely misses you. You block the killer bee's attack.
The killer bee closely misses you. The killer bee stings you.
* * * LOW HITPOINT WARNING * * *
It was a potion of resistance.
You feel protected.
You feel sick.
The killer bee stings you but does no damage.
You block the killer bee's attack. The killer bee stings you.
You die...

#.# ##...y........
##..##.............
................# .
##...... .......#
..#......# #..#...##
.........###.......#
#.........$.>#....
#.<.†yy..........(
.....#@#...........
..######...........
##.#..............
#.....##..........
#...#.##..#.##..#.
##.####...### .##
#...#....## .#
##......## #.#
#..[###.# #.#####


You could see 2 killer bees.

Vanquished Creatures
  Menkaure (D:4)
  A black bear (D:5)
  A sky beast (D:5)
  An ogre (D:5)
  A phantom (D:5)
  2 scorpions
  A water moccasin skeleton (D:5)
  3 killer bees (D:6)
  A centaur zombie (D:6)
  A bullfrog zombie (D:5)
  4 hounds
  Crazy Yiuf (D:3)
  An orc wizard (D:3)
  8 adders
  3 gnolls (D:5)
  2 worms
  4 dart slugs
  17 orcs
  6 ball pythons
  9 endoplasms
  6 giant cockroaches
  8 goblins
  10 hobgoblins
  2 jackals (D:2)
  7 quokkas
  4 bats
  2 frilled lizards
  14 kobolds
  8 rats
129 creatures vanquished.

Vanquished Creatures (others)
  A fungus (D:3)
1 creature vanquished.

Grand Total: 130 creatures vanquished

Notes
Turn   | Place    | Note
-------+----------+-------------------------------------------
     0 | D:1      | KoroneIsBestGirl the Ogre Berserker began the quest for the
                  | Orb.
     0 | D:1      | Reached XP level 1. HP: 24/24 MP: 1/1
    20 | D:1      | Reached XP level 2. HP: 32/32 MP: 2/2
   493 | D:1      | You fall into a shaft and drop 1 floor!
   646 | D:2      | Reached XP level 3. HP: 30/40 MP: 3/3
   772 | D:2      | Reached ** piety under Trog
   952 | D:2      | HP: 3/61 [kobold (3)]
  1475 | D:1      | Reached XP level 4. HP: 38/49 MP: 4/4
  1618 | D:1      | Reached skill level 5 in Fighting
  1714 | D:1      | Found a faded altar of an unknown god.
  1970 | D:1      | You fall into a shaft and drop 1 floor!
  2632 | D:2      | Reached *** piety under Trog
  2694 | D:2      | Reached XP level 5. HP: 48/57 MP: 5/5
  4048 | D:3      | Found a runed translucent door.
  4049 | D:3      | Noticed Crazy Yiuf
  4056 | D:3      | Killed Crazy Yiuf
  4367 | D:4      | Reached skill level 6 in Fighting
  4367 | D:4      | Reached XP level 6. HP: 57/67 MP: 6/6
  4785 | D:4      | Found a staircase to the Ecumenical Temple.
  4853 | D:4      | Noticed Menkaure
  4862 | D:4      | Killed Menkaure
  4863 | D:4      | Reached XP level 7. HP: 72/76 MP: 7/7
  5147 | D:5      | Entered Level 5 of the Dungeon
  5180 | D:5      | Reached skill level 7 in Fighting
  5187 | D:5      | Reached skill level 5 in Maces & Flails
  5187 | D:5      | Reached skill level 5 in Dodging
  5596 | D:5      | Reached XP level 8. HP: 76/88 MP: 8/8
  5851 | D:5      | Reached skill level 8 in Fighting
  5851 | D:5      | Reached **** piety under Trog
  6168 | D:6      | Identified the +5 ring mail of Ennui {rElec rN++ Int-2
                  | SInv}
  6220 | D:6      | Slain by a killer bee

Illustrated notes

Levels and vault maps discovered:
D:1:      minmay_arrival_three_doors, layout_rooms,
          dreamdust_ecumenical_altar_sealed_demon
D:2:      layout_loops_ring, guppyfry_early_orc_mine
D:3:      layout_loops_cross, uniq_crazy_yiuf_cottage
D:4:      layout_gridville, minmay_temple_entry_junction, portal_sewer_entry_a,
          minmay_vboxes, uniq_menkaure
D:5:      layout_rooms, minmay_crystal_water
D:6:      layout_cave_pools, mainiacjoe_overflow_catwalk, serial_shops,
          shop_statue

Skill      XL: |  1  2  3  4  5  6  7  8 |
---------------+-------------------------+-----
Dodging        | 3 4 5 |  5.7
Maces & Flails | 3 4 5 6 |  6.2
Fighting       | 5 6 7 8 |  8.3

Action                   |  1- 3 |  4- 6 |  7- 9 || total
-------------------------+-------+-------+-------++-------
Melee: Mace              |    87 |   245 |    71 ||   403
       Flail             |       |       |    43 ||    43
Invok: Berserk           |     2 |     5 |     4 ||    11
  Use: Scroll            |       |       |     4 ||     4
       Potion            |       |       |     2 ||     2
Armor: Animal skin       |    36 |       |       ||    36
       Robe              |       |    85 |    71 ||   156
Dodge: Dodged            |    65 |   154 |    82 ||   301
Block: Other             |       |       |    19 ||    19

Table legend: (Time is in decaauts)
 A = Elapsed time spent in this place.
 B = Non-inter-level travel time spent in this place.
 C = Inter-level travel time spent in this place.
 D = Time resting spent in this place.
 E = Time spent auto-exploring this place.
 F = Levels seen in this place.
 G = Mean time per level.
                   A        B        C        D        E       F      G
               +--------+--------+--------+--------+--------+-----+--------+
         Total |   6389 |   6210 |    179 |    931 |   4326 |   6 | 1064.8 |
       Dungeon |   6389 |   6210 |    179 |    931 |   4326 |   6 | 1064.8 |
               +--------+--------+--------+--------+--------+-----+--------+

Top non-repeatable levels by time:
     D:1: 1626 daAuts
     D:2: 1413 daAuts
     D:3: 1260 daAuts
     D:5: 1020 daAuts
     D:4: 986 daAuts
     D:6: 81 daAuts
